 Dungeon Crawl Stone Soup version 0.31-a0-188-g5e087ee2ca (webtiles) character file.

Game seed: 15483753825225656338

27 qw the Shooter (level 2, -1/16 HPs)
             Began as a Deep Elf Hunter on June 23, 2023.
             Slain by a gnoll bouda
             ... wielding a +0 club
              (5 damage)
             ... on level 2 of the Dungeon.
             The game lasted 00:00:22 (764 turns).

qw the Shooter (Deep Elf Hunter)                     Turns: 764, Time: 00:00:23

Health: -1/16      AC:  5    Str:  8    XL:     2   Next: 93%
Magic:  4/4        EV: 10    Int: 13    God:
Gold:   141        SH:  0    Dex: 18    Spells: 1/1 levels left

rFire   . . .        Y - +0 shortbow
rCold   . . .        (shield currently unavailable)
rNeg    . . .        i - +0 ring mail
rPois   .            (no helmet)
rElec   .            (no cloak)
rCorr   .            (no gloves)
SInv    .            (no boots)
Will    .....        f - amulet of regeneration
Stlth   +            (no ring)
HPRegen 1.02/turn    (no ring)
MPRegen 0.09/turn

%: no passive effects
@: no status effects
A: no striking features
a: no special abilities


You were on level 2 of the Dungeon.
You visited 1 branch of the dungeon, and saw 2 of its levels.

You collected 141 gold pieces.


   Skills:
 - Level 1.5 Fighting
 + Level 6.6 Ranged Weapons
 - Level 2.4 Dodging
 - Level 1.2 Stealth


You had one spell level left.
You didn't know any spells.
Your spell library was empty.

Inventory:

Hand Weapons
 Y - a +0 shortbow (weapon)
Armour
 i - a +0 ring mail (worn)
Jewellery
 f - an amulet of regeneration (around neck)
Potions
 a - a potion of brilliance {unknown}
 e - a potion of curing {unknown}

Dungeon Overview and Level Annotations

Branches:
Dungeon (2/15)

Altars:


Message History

You shoot an arrow.
The arrow hits the gnoll but does no damage.
The gnoll is heavily wounded.
The gnoll closely misses you.
You shoot an arrow. The arrow closely misses the gnoll.
The arrow hits the gnoll.
The gnoll is moderately wounded.
The gnoll barely misses you.
You shoot an arrow. The arrow hits the gnoll.
The gnoll is severely wounded.
You hear an angry hiss.
The gnoll barely misses you. The gnoll hits you with a +0 flail!
You shoot an arrow. The arrow hits the gnoll!
You kill the gnoll!
The jackal bites you but does no damage.
You shoot an arrow. The arrow closely misses the jackal.
The arrow hits the gnoll.
The gnoll is heavily wounded.
The jackal completely misses you. The jackal bites you.
You shoot an arrow. The arrow hits the jackal.
The jackal is almost dead.
The jackal bites you but does no damage.
The gnoll bouda calls upon its god to heal the gnoll.
The gnoll is healed somewhat.
The jackal bites you.
You shoot an arrow. The arrow hits the jackal.
You kill the jackal!
The gnoll bouda barks out a call to the hunt!
The gnoll picks up the pace!
You shoot an arrow.
The arrow closely misses the gnoll bouda.
You shoot an arrow.
The arrow hits the gnoll bouda but does no damage.
The gnoll hits you from afar with a +0 spear.
The gnoll bouda hits you but does no damage.
The gnoll hits you from afar with a +0 spear.
You shoot an arrow. The arrow hits the gnoll bouda.
The gnoll bouda is lightly wounded.
You hear an angry hiss.
The gnoll bouda hits you with a +0 club.
You die...

# .g ..# gh.# ####.gg
############ #gg.#
#.#........# #g#
#.......#### #@#
######..# #.# #..#
##[## #######..# #...#
......#..## ###...###
#.........###<......###
#%###.#..>.)..........#
#.# #.#.#...#.......#.#
#.# #.#.#...###...### #


You could see a gnoll bouda and 2 gnolls.

Vanquished Creatures
  A gnoll (D:2)
  3 ball pythons (D:1)
  An endoplasm (D:1)
  A giant cockroach (D:1)
  5 hobgoblins
  A jackal (D:2)
  A kobold (D:1)
  2 rats
15 creatures vanquished.

Notes
Turn   | Place    | Note
-------+----------+-------------------------------------------
     0 | D:1      | qw the Deep Elf Hunter began the quest for the Orb.
     0 | D:1      | Reached XP level 1. HP: 12/12 MP: 3/3
     0 | D:1      | 0 ||| qw: Version: 0.3-a-9-g12657ce
     0 | D:1      | 0 ||| qw: Game counter: 4369
     0 | D:1      | 0 ||| qw: Always use a shield: true
     0 | D:1      | 0 ||| qw: God list: Okawaru
     0 | D:1      | 0 ||| qw: Allow faded altars: false
     0 | D:1      | 0 ||| qw: Do Orc after D:15 true
     0 | D:1      | 0 ||| qw: Do second Lair branch before Depths: true
     0 | D:1      | 0 ||| qw: Lair rune preference: random
     0 | D:1      | 0 ||| qw: Plans: Normal
     0 | D:1      | 0 ||| PLANNING D:1-11
   209 | D:1      | Reached skill level 6 in Ranged Weapons
   209 | D:1      | Reached XP level 2. HP: 16/16 MP: 4/4
   545 | D:1      | Found a faded altar of an unknown god.
   558 | D:1      | 558 ||| UPGRADING to +0 ring mail.
   568 | D:1      | 568 ||| DROPPING +0 leather armour.
   569 | D:1      | 569 ||| UPGRADING to amulet of regeneration.
   574 | D:1      | 574 ||| READING scroll labelled KOZEOXZ XOLI MECU.
   575 | D:1      | 575 ||| READING scroll labelled SEOKUT ULEUNO.
   576 | D:1      | 576 ||| READING scroll labelled VAPREU MUIVVUA.
   577 | D:1      | 577 ||| DROPPING scroll of butterflies.
   579 | D:1      | 579 ||| Stepping ~*~*~tactically~*~*~ (cloud).
   659 | D:2      | Identified the +1 spear of Ebokkal {drain, *Noise *Slow
                  | rPois Str+8}
   746 | D:2      | 746 ||| Stepping ~*~*~tactically~*~*~ (outnumbered).
   757 | D:2      | HP: 4/16 [gnoll/+0 flail[a gnoll bouda] (7)]
   763 | D:2      | HP: 3/16 [gnoll/+0 spear[a gnoll bouda] (3)]
   764 | D:2      | Slain by a gnoll bouda

Levels and vault maps discovered:
D:1:      psy_arrival_fountain, layout_loops_ring,
          ebering_ecumenical_altar_hall, dreamdust_wishing_well,
          minmay_misc_feat_tower
D:2:      cheibrodos_old_hovel, layout_loops_ring,
          amcnicky_mini_rare_corridor_liquid, kennysheep_generic_room_15,
          uniq_crazy_yiuf_cottage, uniq_terence

Skill      XL: |  1 |
---------------+----+-----
Ranged Weapons | 6 |  6.6
Fighting       | |  1.5
Dodging        | |  2.4
Stealth        | |  1.2

Action                     || total
---------------------------++-------
   Fire: Shortbow          ||    60
    Use: Scroll            ||     3
 Armour: Leather armour    ||     1
         Ring mail         ||     8
  Dodge: Dodged            ||    21

Table legend:
 A = Non-vault XP
 B = Vault XP
 C = Vault XP percentage of total XP
 D = Non-vault monster count
 E = Vault monster count
 F = Vault count percentage of total count
                 A         B        C        D         E       F
            +---------+---------+-------+---------+---------+-------
      Total |      39 |       0 |   0.0 |      15 |       0 |   0.0
            +---------+---------+-------+---------+---------+-------
        D:1 |      17 |       0 |   0.0 |      10 |       0 |   0.0
        D:2 |      22 |       0 |   0.0 |       5 |       0 |   0.0
            +---------+---------+-------+---------+---------+-------
